 Dungeon Crawl Stone Soup version 0.29.0-13-gc9e81de378 (webtiles) character file.

Game seed: 4247901814112458058

3465 Revguard the Sneak (level 9, -6/68 HPs)
             Began as a Demonspawn Brigand on Sept 8, 2022.
             Was a Follower of Dithmenos.
             Killed from afar by an electric eel (13 damage)
             ... with a bolt of electricity
             ... on level 7 of the Dungeon.
             The game lasted 00:31:22 (9413 turns).

Revguard the Sneak (Demonspawn Brigand)             Turns: 9413, Time: 00:31:22

Health: -6/68      AC: 13    Str: 14    XL:     9   Next: 78%
Magic:  15/15      EV: 15    Int: 13    God:    Dithmenos [*.....]
Gold:   420        SH:  0    Dex: 24    Spells: 12/16 levels left

rFire   . . .      SeeInvis +   s - +8 falchion "Tunoud" {freeze, Str+2 Dex+4 Stlth-}
rCold   + . .      Faith    .   (no shield)
rNeg    . . .      Spirit   .   n - +3 leather armour {rC+}
rPois   .          Reflect  .   r - +0 helmet
rElec   .          Harm     .   c - +0 cloak
rCorr   .          Rampage  .   q - +0 pair of gloves
Will    .....                   j - +0 pair of boots
Stlth   +.........              h - amulet of magic regeneration
HPRegen 0.21/turn               l - ring of see invisible
MPRegen 0.68/turn               (no ring)

@: confused, ambrosia-drunk, wreathed by umbra, very slow
A: slimy green scales 1, powered by death 2, magic regeneration, weakness
stinger 1, agile 1, sturdy frame 1
a: Renounce Religion


You were on level 7 of the Dungeon.
You worshipped Dithmenos.
Dithmenos was aware of your devotion.
You visited 2 branches of the dungeon, and saw 8 of its levels.
You also visited: Sewer.

You collected 420 gold pieces.

Inventory:

Hand Weapons
 a - a +3 dagger
 s - the +8 falchion "Tunoud" (weapon) {freeze, Str+2 Dex+4 Stlth-}
   (You found it on level 3 of the Dungeon)

   It freezes those it strikes, dealing additional cold damage.
   It can also slow down cold-blooded creatures.
   Str:       It affects your strength (+2).
   Dex:       It affects your dexterity (+4).
   Stlth:     It makes you less stealthy.
Missiles
 d - 16 poisoned darts (quivered)
Armour
 c - a +0 cloak (worn)
 j - a +0 pair of boots (worn)
 n - a +3 leather armour of cold resistance (worn)
 q - a +0 pair of gloves (worn)
 r - a +0 helmet (worn)
Jewellery
 h - an amulet of magic regeneration (around neck)
 l - a ring of see invisible (left hand)
 p - a +6 ring of strength
Scrolls
 b - a scroll of vulnerability
 f - 5 scrolls of teleportation
 g - 3 scrolls of noise
 o - a scroll of poison
 t - a scroll of magic mapping
 w - a scroll of silence
Potions
 i - 2 potions of flight
 k - 3 potions of attraction
 u - 2 potions of brilliance


   Skills:
 + Level 5.3 Fighting
 + Level 4.8 Short Blades
 - Level 1.7 Throwing
 + Level 4.3 Armour
 + Level 4.4 Dodging
 + Level 6.2 Stealth
 + Level 4.3 Spellcasting
 + Level 4.5 Hexes
 + Level 6.1 Invocations


You had 12 spell levels left.
You knew the following spells:

 Your Spells              Type           Power      Damage    Failure   Level
a - Slow                  Hex            56%        N/A       3%          1
b - Confusing Touch       Hex            14%        N/A       10%         3

Your spell library contained the following spells:

 Spells                   Type           Power      Damage    Failure   Level
 Vampiric Draining        Necr           2%         2d6       52%         3


Dungeon Overview and Level Annotations

Branches:
Dungeon (7/15)             Temple (1/1) D:6           Sewer (visited)

Altars:
Ashenzari
Dithmenos
Fedhas
Hepliaklqana
Kikubaaqudgha
Makhleb
Nemelex Xobeh
Okawaru
Qazlal
Ru
Sif Muna
Trog
Uskayaw
Vehumet
Wu Jian
Xom
Yredelemnul

Shops:
D:2 !   D:3 (   D:6 [


Innate Abilities, Weirdness & Mutations

You are partially covered in slimy green scales. (AC +2)
You regenerate health from kills.
You regenerate magic rapidly.
You have a small tail.
You are agile. (Dex +4, Str/Int -1)
Your movements are slightly less encumbered by armour. (ER -2)


Message History

The electric eel shoots out a bolt of lightning at you!
The bolt of electricity hits the electric eel.
The electric eel completely resists.
The bolt of electricity hits you.
The electric eel shoots out a bolt of lightning at you!
The bolt of electricity hits you.
The electric eel shoots out a bolt of lightning at you!
The bolt of electricity hits the electric eel.
The electric eel completely resists.
The bolt of electricity misses you.
The electric eel shoots out a bolt of lightning at you!
The bolt of electricity hits you!
Your unstable footing causes you to fumble your attack.
The electric eel shoots out a bolt of lightning at you!
The bolt of electricity hits the electric eel.
The electric eel completely resists.
The bolt of electricity hits you.
The electric eel shoots out a bolt of lightning at you!
The bolt of electricity hits the electric eel.
The electric eel completely resists.
The bolt of electricity hits the electric eel.
The electric eel completely resists.
The bolt of electricity hits you!
Okay, then.
The electric eel shoots out a bolt of lightning at you!
The bolt of electricity hits the electric eel.
The electric eel completely resists.
The bolt of electricity hits you!
Things that are here:
3 poisoned darts; 2 curare-tipped darts Really read the scroll of poison?
The air fills with toxic fumes!
As you read the scroll of poison, it crumbles to dust.
The electric eel shoots out a bolt of lightning at you!
The bolt of electricity hits you!
* * * LOW HITPOINT WARNING * * *
You are confused.
You feel invigorated.
The electric eel shoots out a bolt of lightning at you!
The bolt of electricity misses the electric eel.
The bolt of electricity hits you!
* * * LOW HITPOINT WARNING * * *
The electric eel shoots out a bolt of lightning at you!
The bolt of electricity hits you!
You die...

#~~~.....#.......# #.
#~♣♣♣♣.#.§§§§.....# #.
~♣~§§~~##§§§#.....+ #.
♣§§~§P♣#.§§§###§..######.
~§§§~§~♣.§§§§§§§.........
~§§§§♣§♣♣§§§§§...........
PP§§§§§♣♣§§§...........#.
PP§§§§P§♣§#...........##.
~~~~~~~♣@♣#...........#..
~§§§§S§S♣♣...)........#..
≈§§§§§§§(~.....##....[...
≈§§§§§§§P♣~..............
≈§§§§§§§~♣P#..###....#...
≈§§§§§§§P~♣##..##....##.~
≈§§§§§§§~~♣##.........#P~
≈§§§§§§§~~~###.......##.~
≈≈≈≈≈≈≈≈P~~###....#.###.~


You could see 2 electric eels.

Vanquished Creatures
  4 yaks (D:6)
  A steam dragon (D:6)
  A water moccasin (D:6)
  2 orc warriors
  3 ice beasts
  2 sky beasts (D:7)
  A black bear (D:7)
  An ogre (D:5)
  A kobold brigand (D:6)
  2 phantoms
  4 bullfrogs
  A necrophage (D:5)
  2 gnoll sergeants
  2 scorpions
  A wight (D:6)
  A howler monkey (D:7)
  2 electric eels (D:7)
  A jelly (D:6)
  A gnoll bouda (D:7)
  8 orc priests
  4 iguanas
  Jessica (D:2)
  4 orc wizards
  11 gnolls
  5 river rats (Sewer)
  18 adders
  A shadow imp (D:7)
  2 white imps
  2 worms
  7 dart slugs
  21 orcs
  4 endoplasms
  5 giant cockroaches
  8 hobgoblins
  6 jackals
  3 quokkas
  14 ball pythons
  3 bats
  9 frilled lizards
  15 goblins
  9 kobolds
  22 rats
215 creatures vanquished.

Vanquished Creatures (others)
  A gnoll (D:7)
  7 plants
8 creatures vanquished.

Grand Total: 223 creatures vanquished

Notes
Turn   | Place    | Note
-------+----------+-------------------------------------------
     0 | D:1      | Revguard the Demonspawn Brigand began the quest for the
                  | Orb.
     0 | D:1      | Reached XP level 1. HP: 16/16 MP: 1/1
   232 | D:1      | Reached skill level 1 in Dodging
   240 | D:1      | Gained mutation: You regenerate a little health from kills.
                  | [demonic ancestry]
   240 | D:1      | Reached XP level 2. HP: 22/22 MP: 2/2
   338 | D:1      | Found a faded altar of an unknown god.
   871 | D:2      | Reached skill level 1 in Invocations
   871 | D:2      | Gained mutation: You regenerate health from kills. [demonic
                  | ancestry]
   871 | D:2      | Reached XP level 3. HP: 6/27 MP: 3/3
   927 | D:2      | HP: 1/27 [quokka (2)]
  1266 | D:2      | Noticed Jessica
  1272 | D:2      | Killed Jessica
  1273 | D:2      | Reached skill level 1 in Armour
  1273 | D:2      | Reached skill level 1 in Spellcasting
  1273 | D:2      | Reached skill level 1 in Hexes
  1273 | D:2      | Gained mutation: You regenerate magic rapidly. [demonic
                  | ancestry]
  1273 | D:2      | Reached XP level 4. HP: 34/34 MP: 5/5
  1365 | D:2      | Found Ocomeboo's Distillery.
  1632 | D:2      | Found a sparkling altar of Nemelex Xobeh.
  2192 | D:3      | Found Mowid's Weapon Shop.
  2229 | D:3      | Reached XP level 5. HP: 32/39 MP: 7/7
  2329 | D:3      | Found a broken altar of Ashenzari.
  2334 | D:3      | Found a sacrificial altar of Ru.
  2336 | D:3      | Found a basalt altar of Yredelemnul.
  2341 | D:3      | Found a bloodstained altar of Trog.
  2605 | D:3      | Identified the +8 falchion "Tunoud" {freeze, Str+2 Dex+4
                  | Stlth-}
  3182 | D:4      | Gained mutation: You are partially covered in slimy green
                  | scales. (AC +2) [demonic ancestry]
  3182 | D:4      | Reached XP level 6. HP: 46/46 MP: 8/8
  3510 | D:5      | Entered Level 5 of the Dungeon
  3510 | D:5      | Found a glowing drain.
  3570 | Sewer    | Entered a sewer
  4269 | Sewer    | Reached XP level 7. HP: 52/52 MP: 10/10
  4341 | Sewer    | Gained mutation: You sometimes lose your temper in combat.
                  | [potion of mutation]
  4341 | Sewer    | Gained mutation: You are dopey. (Int -2) [potion of
                  | mutation]
  4341 | Sewer    | Gained mutation: You have sharp fingernails. [potion of
                  | mutation]
  4342 | Sewer    | Lost mutation: You have sharp fingernails. [potion of
                  | mutation]
  4342 | Sewer    | Lost mutation: You are dopey. (Int -2) [potion of mutation]
  4342 | Sewer    | Gained mutation: Armour fits poorly on your strangely
                  | shaped body. [potion of mutation]
  4342 | Sewer    | Gained mutation: You are somewhat resistant to further
                  | mutation. [potion of mutation]
  4343 | Sewer    | Lost mutation: You sometimes lose your temper in combat.
                  | [potion of mutation]
  4343 | Sewer    | Lost mutation: Armour fits poorly on your strangely shaped
                  | body. [potion of mutation]
  4343 | Sewer    | Lost mutation: You are somewhat resistant to further
                  | mutation. [potion of mutation]
  4343 | Sewer    | Gained mutation: You are agile. (Dex +4, Str/Int -1)
                  | [potion of mutation]
  4343 | Sewer    | Gained mutation: Your movements are slightly less
                  | encumbered by armour. (ER -2) [potion of mutation]
  4995 | D:5      | Found a hazy altar of Hepliaklqana.
  5259 | D:5      | Found a stormy altar of Qazlal.
  5301 | D:5      | Gained mutation: You have a small tail. [demonic ancestry]
  5301 | D:5      | Reached XP level 8. HP: 53/60 MP: 12/12
  5652 | D:5      | Learned a level 1 spell: Slow
  5656 | D:5      | Learned a level 3 spell: Confusing Touch
  5861 | D:6      | Reached skill level 5 in Stealth
  5898 | D:6      | Found a staircase to the Ecumenical Temple.
  5929 | Temple   | Entered the Ecumenical Temple
  5979 | Temple   | Became a worshipper of Dithmenos the Shadowed
  6462 | D:6      | Found Ninurta's Dragon-Slaying Spoils.
  6641 | D:6      | Reached skill level 5 in Invocations
  6641 | D:6      | Reached XP level 9. HP: 52/66 MP: 14/14
  6655 | D:6      | HP: 2/66 [yak (13)]
  7650 | D:6      | Reached skill level 5 in Fighting
  7794 | D:7      | Reached * piety under Dithmenos
  8593 | D:7      | Found an ornate altar of the Wu Jian Council.
  9413 | D:7      | Killed from afar by an electric eel

Illustrated notes

Levels and vault maps discovered:
D:1:      sevenhm_arrival_forest_fort_small_6, layout_basic,
          chequers_ecumenical_altar_simple
D:2:      layout_basic, serial_shops, nicolae_lakefront_shop, basic_altar,
          corner_web_ring, minmay_fountain_box, uniq_jessica
D:3:      layout_rooms, nicolae_overflow_hallway_of_the_gods, serial_shops,
          nicolae_shop_crystal
D:4:      layout_rooms
D:5:      layout_basic, nicolae_hepliaklqana_hazy_memory,
          nicolae_qazlal_scattered_showers, gup_sewer_entry_glass,
          nicolae_ossuary_entry_false_entrances, minmay_ogre_servants
D:6:      layout_basic, minmay_temple_entry_statues_fountains,
          nicolae_shop_dragon_depot, minmay_misc_feat_alley, st_stairs_2
D:7:      layout_cave_pools, general_overflow_altar, nzn_wu_jian_contemplation,
          serial_bayou, serial_bayou_pond_b, serial_bayou_lake_a,
          serial_bayou_pond_e, serial_bayou_pond_b
Temple:   nicolae_temple_bog_church

Skill      XL: |  1  2  3  4  5  6  7  8  9 |
---------------+----------------------------+-----
Dodging        | 1 2 3 4 |  4.4
Short Blades   | 2 3 4 |  4.8
Invocations    | 1 2 3 5 6 |  6.1
Armour         | 1 2 3 4 |  4.3
Spellcasting   | 1 2 3 4 |  4.3
Hexes          | 1 2 3 4 |  4.5
Stealth        | 4 5 6 |  6.2
Fighting       | 3 4 5 |  5.3
Throwing       | |  1.7

Action                   |  1- 3 |  4- 6 |  7- 9 || total
-------------------------+-------+-------+-------++-------
Melee: Dagger            |   108 |   241 |    97 ||   446
       Punch             |     2 |     1 |     6 ||     9
       Falchion          |       |    68 |   224 ||   292
       Tailslap          |       |       |    37 ||    37
Throw: Dart              |     2 |    20 |    44 ||    66
 Cast: Slow              |       |       |     7 ||     7
       Confusing Touch   |       |       |     6 ||     6
  Use: Potion            |     2 |       |    15 ||    17
       Scroll            |       |    10 |     9 ||    19
 Stab: Sleeping          |     7 |     7 |     4 ||    18
       Distracted        |       |     1 |       ||     1
       Confused          |       |       |     2 ||     2
       Invisible         |       |       |     2 ||     2
Armor: Leather armour    |    19 |   115 |   146 ||   280
       Robe              |     9 |       |       ||     9
Dodge: Dodged            |    75 |   307 |   291 ||   673
